TOP OF THE 1ST |
University of Nebraska Cornhuskers batting - Pitching for California State University at Fullerton Titans : RHP Jason Stout
|
Pitching: RHP Jason Stout
|
|
Batting: RHB Quan Tai
|
0-0: Called Strike 0-1: Swinging Strike 0-2: Ball 1-2: Ball 2-2: SINGLE (Groundball, 4MD, EV 97.5 MPH)
|
Batting: LHB Duda Pinho
|
0-0: Called Strike 0-1: Ball 1-1: Ball 2-1: Foul Ball, location: 2F 2-2: Ball 3-2: Foul Ball, location: 2F 3-2: SINGLE (Groundball, 4D, EV 103.1 MPH) Quan Tai to second Runner from 2nd tries for 3rd, SAFE, throw by CF made to third
|
Batting: RHB Kekoa Kahele
|
0-0: Ball Passed Ball! Quan Tai scores Duda Pinho to second 1-0: Called Strike Duda Pinho steals 3rd base (no throw) 1-1: Ball 2-1: SINGLE (Line Drive, 5D, EV 101.3 MPH) Duda Pinho scores
|
Batting: LHB Fernão Manta
|
0-0: Fly out, F8 (Line Drive, 8LM, EV 95.6 MPH)
|
Batting: SHB Jim Lloyd
|
0-0: Ball 1-0: Ball 2-0: Called Strike 2-1: DOUBLE (Flyball, 8LXD, EV 103.8 MPH) Kekoa Kahele to third
|
Batting: RHB Steve Terres
|
0-0: Ball 1-0: Ball 2-0: SINGLE (Groundball, 6MD, EV 100.6 MPH) Kekoa Kahele scores Jim Lloyd to third Runner from 3rd tries for Home, SAFE, throw by CF to home
|
Batting: RHB Eric Guy
|
0-0: Ball 1-0: Foul Ball, location: 2F 1-1: Called Strike 1-2: Ball 2-2: Strikes out looking
|
Batting: RHB Hanley Hernandez
|
0-0: Ball 1-0: Foul Ball, location: 2F 1-1: Ball 2-1: DOUBLE (Groundball, 5L, EV 94.4 MPH) Steve Terres to third
|
Batting: RHB Bogumil Filipowski
|
0-0: SINGLE (Groundball, 56D, EV 101.3 MPH) Steve Terres scores Hanley Hernandez to third Runner from 3rd tries for Home, SAFE, throw by LF to home
|
Pitching: LHP Edward Marechal
|
|
Batting: RHB Quan Tai
|
0-0: Ball 1-0: TRIPLE (Flyball, 8LXD, EV 95.0 MPH) Bogumil Filipowski scores
|
Batting: LHB Duda Pinho
|
0-0: SINGLE (Flyball, 8RS, EV 95.0 MPH) Quan Tai scores
|
Batting: RHB Kekoa Kahele
|
0-0: Ball Wild Pitch! Duda Pinho to second 1-0: SINGLE (Groundball, 6MD, EV 101.9 MPH) Duda Pinho to third Runner from 3rd tries for Home, throw by CF and OUT! 8-2
|
Top of the 1st over - 8 runs, 10 hits, 0 errors, 1 left on base; University of Nebraska 8 - California State University at Fullerton 0 |
BOTTOM OF THE 1ST |
California State University at Fullerton Titans batting - Pitching for University of Nebraska Cornhuskers : LHP Chris Salazar
|
Pitching: LHP Chris Salazar
|
|
Batting: LHB Wing-tat Tai
|
0-0: Ball 1-0: Ball 2-0: Ball 3-0: Base on Balls
|
Batting: RHB Nate Dabney
|
Pickoff Throw to First - Out! 1-3 0-0: Ball 1-0: Ball 2-0: Called Strike 2-1: Called Strike 2-2: Ball 3-2: Fly out, F6 (Popup, 4MS, EV 58.8 MPH)
|
Batting: RHB Bill Reader
|
0-0: Hit by Pitch
|
Batting: RHB Azeem bin Zuhair
|
0-0: Ball Wild Pitch! Bill Reader to second 1-0: Ball 2-0: SINGLE (Groundball, P, EV 88.8 MPH) (infield hit) Bill Reader to third
|
Batting: RHB Dave Sixtos
|
0-0: Swinging Strike 0-1: Ball 1-1: Fielders Choice at 2nd, U6 (Groundball, 6M, EV 85.0 MPH)
|
Bottom of the 1st over - 0 runs, 1 hit, 0 errors, 2 left on base; University of Nebraska 8 - California State University at Fullerton 0 |
TOP OF THE 2ND |
University of Nebraska Cornhuskers batting - Pitching for California State University at Fullerton Titans : LHP Edward Marechal
|
Batting: LHB Fernão Manta
|
0-0: Foul Ball, location: 2F 0-1: Foul Ball, location: 2F 0-2: Foul Ball, location: 2F 0-2: Ball 1-2: Strikes out swinging
|
Batting: SHB Jim Lloyd
|
0-0: Ball 1-0: Ball 2-0: SINGLE (Line Drive, 8LM, EV 97.5 MPH)
|
Batting: RHB Steve Terres
|
0-0: Called Strike 0-1: Ball 1-1: Called Strike 1-2: Ball 2-2: Ball 3-2: Ground out 5-3 (Groundball, 15, EV 85.0 MPH) Jim Lloyd to second
|
Batting: RHB Eric Guy
|
0-0: Swinging Strike 0-1: Foul Ball, location: 2F 0-2: Ball 1-2: Strikes out swinging
|
Top of the 2nd over - 0 runs, 1 hit, 0 errors, 1 left on base; University of Nebraska 8 - California State University at Fullerton 0 |
BOTTOM OF THE 2ND |
California State University at Fullerton Titans batting - Pitching for University of Nebraska Cornhuskers : LHP Chris Salazar
|
Batting: RHB Mike Hill
|
0-0: Foul Ball, location: 2F 0-1: Foul Ball, location: 2F 0-2: Strikes out looking
|
Batting: RHB Luke Peet
|
0-0: Called Strike 0-1: Foul Ball, location: 2F 0-2: Ball 1-2: Ground out 6-3 (Groundball, 6, EV 105.0 MPH)
|
Batting: LHB Mike Fielden
|
0-0: Ball 1-0: Called Strike 1-1: SINGLE (Groundball, 34D, EV 104.4 MPH)
|
Batting: SHB Dave Ramirez
|
0-0: Ball 1-0: Foul Ball, location: 2F 1-1: Ground out 4-3 (Groundball, 4, EV 83.1 MPH)
|
Bottom of the 2nd over - 0 runs, 1 hit, 0 errors, 1 left on base; University of Nebraska 8 - California State University at Fullerton 0 |
TOP OF THE 3RD |
University of Nebraska Cornhuskers batting - Pitching for California State University at Fullerton Titans : LHP Edward Marechal
|
Batting: RHB Hanley Hernandez
|
0-0: Swinging Strike 0-1: Swinging Strike 0-2: Strikes out swinging
|
Batting: RHB Bogumil Filipowski
|
0-0: Foul Ball, location: 2F 0-1: Ball 1-1: Ball 2-1: Ground out 6-3 (Groundball, 6, EV 105.6 MPH)
|
Batting: RHB Quan Tai
|
0-0: Ground out 5-3 (Groundball, 56, EV 105.0 MPH)
|
Top of the 3rd over - 0 runs, 0 hits, 0 errors, 0 left on base; University of Nebraska 8 - California State University at Fullerton 0 |
BOTTOM OF THE 3RD |
California State University at Fullerton Titans batting - Pitching for University of Nebraska Cornhuskers : LHP Chris Salazar
|
Batting: LHB Wing-tat Tai
|
0-0: Ball 1-0: Ball 2-0: Ball 3-0: Base on Balls
|
Batting: RHB Nate Dabney
|
0-0: Ball 1-0: Grounds into double play, 6-4-3 (Groundball, 6, EV 103.1 MPH)
|
Batting: RHB Bill Reader
|
0-0: Called Strike 0-1: Ball 1-1: Called Strike 1-2: Ball 2-2: Ground out 5-3 (Groundball, 5S, EV 90.0 MPH)
|
Bottom of the 3rd over - 0 runs, 0 hits, 0 errors, 0 left on base; University of Nebraska 8 - California State University at Fullerton 0 |
TOP OF THE 4TH |
University of Nebraska Cornhuskers batting - Pitching for California State University at Fullerton Titans : LHP Edward Marechal
|
Batting: LHB Duda Pinho
|
0-0: Ball 1-0: Called Strike 1-1: Ball 2-1: Called Strike 2-2: Strikes out looking
|
Batting: RHB Kekoa Kahele
|
0-0: Ball 1-0: Foul Ball, location: 2F 1-1: Fly out, F8 (Flyball, 8RM, EV 95.6 MPH)
|
Batting: LHB Fernão Manta
|
0-0: Called Strike 0-1: Ball 1-1: Swinging Strike 1-2: DOUBLE (Groundball, 5L, EV 106.3 MPH)
|
Batting: SHB Jim Lloyd
|
0-0: SINGLE (Groundball, 4MD, EV 106.3 MPH) Fernão Manta to third Runner from 3rd tries for Home, SAFE, throw by CF to home
|
Batting: RHB Steve Terres
|
0-0: Foul Ball, location: 2F 0-1: Ball 1-1: Ball 2-1: SINGLE (Groundball, 6MD, EV 106.9 MPH) Jim Lloyd to second
|
Batting: RHB Eric Guy
|
0-0: SINGLE (Groundball, 6D, EV 94.4 MPH) Jim Lloyd to third Steve Terres to second Runner from 3rd tries for Home, SAFE, throw by CF to home
|
Batting: RHB Hanley Hernandez
|
0-0: Ball 1-0: Ball 2-0: Foul Ball, location: 2F 2-1: Fly out, F4 (Popup, 4, EV 71.9 MPH)
|
Top of the 4th over - 2 runs, 4 hits, 0 errors, 2 left on base; University of Nebraska 10 - California State University at Fullerton 0 |
BOTTOM OF THE 4TH |
California State University at Fullerton Titans batting - Pitching for University of Nebraska Cornhuskers : LHP Chris Salazar
|
Batting: RHB Azeem bin Zuhair
|
0-0: Called Strike 0-1: Ball 1-1: Ball 2-1: SINGLE (Groundball, 5S, EV 67.5 MPH) (infield hit)
|
Batting: RHB Dave Sixtos
|
0-0: Called Strike 0-1: Ball 1-1: Ball 2-1: Called Strike 2-2: Hit by Pitch Azeem bin Zuhair to second
|
Batting: RHB Mike Hill
|
0-0: Called Strike 0-1: Called Strike 0-2: Ball 1-2: Ball 2-2: Ball 3-2: Fly out, F4 (Popup, 3D, EV 50.0 MPH)
|
Batting: RHB Luke Peet
|
0-0: Called Strike 0-1: Ball 1-1: Foul Ball, location: 2F 1-2: Fly out, F8 (Flyball, 8RM, EV 98.8 MPH)
|
Pitching: RHP Justin De Chirico
|
|
Batting: LHB Mike Fielden
|
0-0: Ball 1-0: Ball 2-0: Swinging Strike 2-1: 3-RUN HOME RUN (Flyball, 9LD, EV 90.6 MPH), Distance : 347 ft
|
Batting: SHB Dave Ramirez
|
0-0: Foul Ball, location: 2F 0-1: Foul Ball, location: 2F 0-2: Ball 1-2: Ball 2-2: Ball 3-2: Foul Ball, location: 2F 3-2: Foul Ball, location: 2F 3-2: Ground out 1-3 (Groundball, 23, EV 70.0 MPH)
|
Bottom of the 4th over - 3 runs, 2 hits, 0 errors, 0 left on base; University of Nebraska 10 - California State University at Fullerton 3 |
TOP OF THE 5TH |
University of Nebraska Cornhuskers batting - Pitching for California State University at Fullerton Titans : LHP Edward Marechal
|
Batting: RHB Bogumil Filipowski
|
0-0: Foul Ball, location: 2F 0-1: Called Strike 0-2: Foul Ball, location: 2F 0-2: Foul Ball, location: 2F 0-2: Ball 1-2: Ball 2-2: Ball 3-2: Strikes out swinging
|
Batting: RHB Quan Tai
|
0-0: Called Strike 0-1: Foul Ball, location: 2F 0-2: Foul Ball, location: 2F 0-2: SINGLE (Line Drive, 89S, EV 99.4 MPH)
|
Batting: LHB Duda Pinho
|
0-0: Ball 1-0: Ball Wild Pitch! Quan Tai to second 2-0: TRIPLE (Line Drive, 89XD, EV 105.6 MPH) Quan Tai scores
|
Batting: RHB Kekoa Kahele
|
0-0: 2-RUN HOME RUN (Flyball, 89XD, EV 108.1 MPH), Distance : 432 ft
|
Batting: LHB Fernão Manta
|
0-0: Ball 1-0: Foul Ball, location: 2F 1-1: Foul Ball, location: 2F 1-2: Strikes out swinging
|
Batting: SHB Jim Lloyd
|
0-0: Ball 1-0: Called Strike 1-1: Ball 2-1: Ball 3-1: Base on Balls
|
Pitching: RHP Jose Andrade
|
|
Batting: RHB Steve Terres
|
0-0: Called Strike 0-1: Ball 1-1: Ball 2-1: Fielders Choice at 2nd, 6-4 (Groundball, 6, EV 103.8 MPH)
|
Top of the 5th over - 3 runs, 3 hits, 0 errors, 1 left on base; University of Nebraska 13 - California State University at Fullerton 3 |
BOTTOM OF THE 5TH |
California State University at Fullerton Titans batting - Pitching for University of Nebraska Cornhuskers : RHP Justin De Chirico
|
Batting: LHB Wing-tat Tai
|
0-0: Called Strike 0-1: Ball 1-1: SOLO HOME RUN (Flyball, 9LD, EV 95.6 MPH), Distance : 351 ft
|
Batting: RHB Nate Dabney
|
0-0: Ball 1-0: Called Strike 1-1: Swinging Strike 1-2: Foul Ball, location: 2F 1-2: Ball 2-2: Ball 3-2: Foul Ball, location: 2F 3-2: Foul Ball, location: 2F 3-2: Foul Ball, location: 2F 3-2: Base on Balls
|
Batting: RHB Bill Reader
|
0-0: Called Strike 0-1: Foul Ball, location: 2F 0-2: Strikes out looking
|
Batting: RHB Azeem bin Zuhair
|
0-0: Foul Ball, location: 2F 0-1: Ball 1-1: SINGLE (Groundball, 56D, EV 100.6 MPH) Nate Dabney to second
|
Batting: RHB Dave Sixtos
|
0-0: Ball 1-0: Ball 2-0: Grounds into double play, 5-4-3 (Groundball, 56S, EV 80.6 MPH)
|
Bottom of the 5th over - 1 run, 2 hits, 0 errors, 1 left on base; University of Nebraska 13 - California State University at Fullerton 4 |
TOP OF THE 6TH |
University of Nebraska Cornhuskers batting - Pitching for California State University at Fullerton Titans : RHP Jose Andrade
|
Batting: RHB Eric Guy
|
0-0: Ground out 4-3 (Groundball, 4S, EV 85.6 MPH)
|
Batting: RHB Hanley Hernandez
|
0-0: Ball 1-0: Called Strike 1-1: Called Strike 1-2: Ball 2-2: Ball 3-2: Foul Ball, location: 2F 3-2: Base on Balls
|
Batting: RHB Bogumil Filipowski
|
0-0: Grounds into double play, 3-6-3 (Groundball, 34, EV 93.1 MPH)
|
Top of the 6th over - 0 runs, 0 hits, 0 errors, 0 left on base; University of Nebraska 13 - California State University at Fullerton 4 |
BOTTOM OF THE 6TH |
California State University at Fullerton Titans batting - Pitching for University of Nebraska Cornhuskers : RHP Justin De Chirico
|
Batting: RHB Mike Hill
|
0-0: Ball 1-0: Ball 2-0: Ball 3-0: Base on Balls
|
Batting: RHB Luke Peet
|
0-0: Ball 1-0: Swinging Strike 1-1: Ball 2-1: Ball 3-1: Base on Balls Mike Hill to second
|
Batting: LHB Mike Fielden
|
0-0: Foul Ball, location: 2F 0-1: Ball 1-1: Ball 2-1: Foul Ball, location: 2F 2-2: Foul Ball, location: 2F 2-2: Ball 3-2: Base on Balls Mike Hill to third Luke Peet to second
|
Pinch Hitting: LHB Darren Sturgis
|
0-0: Swinging Strike 0-1: Ball 1-1: Swinging Strike 1-2: Ball 2-2: Ball 3-2: Ground out 6-3 (Groundball, 4MD, EV 99.4 MPH) Mike Hill scores Luke Peet to third Mike Fielden to second
|
Pitching: LHP John Eggleston
|
|
Pinch Hitting: RHB Guillermo Arredondo
|
0-0: Swinging Strike 0-1: Called Strike 0-2: Strikes out swinging
|
Batting: RHB Nate Dabney
|
0-0: Ball 1-0: Ball 2-0: Called Strike 2-1: 3-RUN HOME RUN (Flyball, 78XD, EV 110.0 MPH), Distance : 421 ft
|
Batting: RHB Bill Reader
|
0-0: Ball 1-0: Foul Ball, location: 2F 1-1: Called Strike 1-2: Strikes out swinging
|
Bottom of the 6th over - 4 runs, 1 hit, 0 errors, 0 left on base; University of Nebraska 13 - California State University at Fullerton 8 |
TOP OF THE 7TH |
University of Nebraska Cornhuskers batting - Pitching for California State University at Fullerton Titans : RHP Jose Andrade
|
Now at SS: Oscar Ferrer
|
|
Now in CF: Walt van der Rest
|
|
Batting: RHB Quan Tai
|
0-0: Called Strike 0-1: Fly out, F9 (Flyball, 9LM, EV 86.9 MPH)
|
Batting: LHB Duda Pinho
|
0-0: Ball 1-0: Ball 2-0: Ball 3-0: Base on Balls
|
Batting: RHB Kekoa Kahele
|
0-0: Fly out, F9 (Flyball, 9, EV 95.0 MPH)
|
Batting: LHB Fernão Manta
|
0-0: Ball Duda Pinho steals 2nd base 1-0: Called Strike 1-1: Foul Ball, location: 2F 1-2: Strikes out swinging, 2-3 out at first.
|
Top of the 7th over - 0 runs, 0 hits, 0 errors, 1 left on base; University of Nebraska 13 - California State University at Fullerton 8 |
BOTTOM OF THE 7TH |
California State University at Fullerton Titans batting - Pitching for University of Nebraska Cornhuskers : LHP John Eggleston
|
Batting: RHB Azeem bin Zuhair
|
0-0: Ball 1-0: DOUBLE (Line Drive, 7LM, EV 102.5 MPH)
|
Batting: RHB Dave Sixtos
|
0-0: Called Strike 0-1: Swinging Strike 0-2: Ball 1-2: SINGLE (Line Drive, 4MD, EV 98.8 MPH) Azeem bin Zuhair to third
|
Batting: RHB Mike Hill
|
0-0: Ball Wild Pitch! Azeem bin Zuhair scores Dave Sixtos to second 1-0: Called Strike 1-1: Ball 2-1: Foul Ball, location: 2F 2-2: Foul Ball, location: 2F 2-2: Fly out, F8 (Flyball, 78XD, EV 76.3 MPH) Runner from 2nd tags up, SAFE at 3rd, no throw by CF
|
Batting: RHB Luke Peet
|
0-0: Called Strike 0-1: Ball 1-1: Foul Ball, location: 2F 1-2: Ground out 6-3 (Groundball, 6S, EV 88.8 MPH) Dave Sixtos scores
|
Batting: LHB Mike Fielden
|
0-0: Fly out, F8 (Line Drive, 8RM, EV 85.0 MPH)
|
Bottom of the 7th over - 2 runs, 2 hits, 0 errors, 0 left on base; University of Nebraska 13 - California State University at Fullerton 10 |
TOP OF THE 8TH |
University of Nebraska Cornhuskers batting - Pitching for California State University at Fullerton Titans : RHP Jose Andrade
|
Batting: SHB Jim Lloyd
|
0-0: Called Strike 0-1: Ball 1-1: Called Strike 1-2: Foul Ball, location: 2F 1-2: Ball 2-2: Strikes out swinging
|
Batting: RHB Steve Terres
|
0-0: Called Strike 0-1: Called Strike 0-2: Ball 1-2: Ball 2-2: Ball 3-2: Strikes out looking
|
Batting: RHB Eric Guy
|
0-0: Ball 1-0: Called Strike 1-1: Foul Ball, location: 2F 1-2: Strikes out swinging
|
Top of the 8th over - 0 runs, 0 hits, 0 errors, 0 left on base; University of Nebraska 13 - California State University at Fullerton 10 |
BOTTOM OF THE 8TH |
California State University at Fullerton Titans batting - Pitching for University of Nebraska Cornhuskers : LHP John Eggleston
|
Pitching: RHP Tony Machado
|
|
Batting: LHB Walt van der Rest
|
0-0: Ball 1-0: SINGLE (Line Drive, 6MD, EV 105.0 MPH)
|
Pinch Hitting: LHB Luis Diaz
|
0-0: Ball 1-0: Ball 2-0: 2-RUN HOME RUN (Flyball, 78XD, EV 106.3 MPH), Distance : 422 ft
|
Batting: RHB Nate Dabney
|
0-0: Ball 1-0: Ground out 6-3 (Groundball, 56S, EV 85.0 MPH)
|
Batting: RHB Bill Reader
|
0-0: Ball 1-0: Swinging Strike 1-1: Called Strike 1-2: Foul Ball, location: 2F 1-2: Strikes out swinging
|
Pinch Hitting: LHB Zachery Ballard
|
0-0: Ball 1-0: Ball 2-0: Ground out 6-3 (Groundball, 6, EV 85.0 MPH)
|
Bottom of the 8th over - 2 runs, 2 hits, 0 errors, 0 left on base; University of Nebraska 13 - California State University at Fullerton 12 |
TOP OF THE 9TH |
University of Nebraska Cornhuskers batting - Pitching for California State University at Fullerton Titans : RHP Jose Andrade
|
Pitching: RHP Dave Williams
|
|
Now at SS: Ricky Alvarado
|
|
Now in LF: Joshua Dingle
|
|
Batting: RHB Hanley Hernandez
|
0-0: Ball 1-0: Swinging Strike 1-1: Ball 2-1: Ball 3-1: Swinging Strike 3-2: SINGLE (Line Drive, 34, EV 110.6 MPH)
|
Batting: RHB Bogumil Filipowski
|
0-0: Sac Bunt to 25 - play at first, batter OUT! 5-4 Hanley Hernandez to second
|
Batting: RHB Quan Tai
|
0-0: Ball 1-0: Called Strike 1-1: Ball 2-1: Foul Ball, location: 2F 2-2: Strikes out swinging
|
Batting: LHB Duda Pinho
|
0-0: Ball 1-0: Ground out 6-3 (Groundball, 6, EV 88.1 MPH)
|
Top of the 9th over - 0 runs, 1 hit, 0 errors, 1 left on base; University of Nebraska 13 - California State University at Fullerton 12 |
BOTTOM OF THE 9TH |
California State University at Fullerton Titans batting - Pitching for University of Nebraska Cornhuskers : RHP Tony Machado
|
Pitching: RHP Tony Cortez
|
|
Now at 1B: Alfredo Montero
|
|
Batting: RHB Dave Sixtos
|
0-0: Foul Ball, location: 2F 0-1: Foul Ball, location: 2F 0-2: Strikes out swinging
|
Batting: RHB Mike Hill
|
0-0: Reached on error, E5 (Groundball, 5, EV 108.8 MPH)
|
Pinch Hitting: RHB Jailen Mendez
|
0-0: Called Strike 0-1: Ball 1-1: Called Strike 1-2: Ball 2-2: Ground out 6-3 (Groundball, 6, EV 91.3 MPH)
|
Batting: LHB Mike Fielden
|
0-0: Swinging Strike 0-1: Swinging Strike 0-2: Strikes out swinging
|
Bottom of the 9th over - 0 runs, 0 hits, 1 error, 1 left on base; University of Nebraska 13 - California State University at Fullerton 12 |
|